 Dungeon Crawl Stone Soup version 0.24-a0-696-gd18775d (webtiles) character file.

Game seed: 10672975387760151487, levelgen mode: deterministic

40 manswasretarded the Chopper (level 3, -1/33 HPs)
             Began as a Minotaur Berserker on Sept 28, 2019.
             Was a Believer of Trog.
             Slain by Crazy Yiuf
             ... wielding a +3 quarterstaff of chaos
              (2 damage)
             ... on level 2 of the Dungeon.
             The game lasted 00:06:05 (1273 turns).

manswasretarded the Chopper (Minotaur Berserker)    Turns: 1273, Time: 00:06:11

Health: -1/33      AC:  9    Str: 22    XL:     3   Next: 30%
Magic:  2/2        EV:  8    Int:  4    God:    Trog [**....]
Gold:   73         SH:  0    Dex:  9    Spells: 2/2 levels left

rFire    . . .     SeeInvis .   a - +0 hand axe
rCold    . . .     Gourm    .   (no shield)
rNeg     . . .     Faith    .   d - +0 chain mail
rPois    .         Spirit   .   (helmet restricted)
rElec    .         Reflect  .   (no cloak)
rCorr    .         Harm     .   (no gloves)
MR       .....                  (no boots)
Stlth    ..........             (no amulet)
HPRegen  0.11/turn              (no ring)
MPRegen  0.08/turn              (no ring)

@: lethally poisoned (-1 -> -21), berserk cooldown, slowed, very slow
A: retaliatory headbutt, horns 2
a: Berserk, Trog's Hand, Renounce Religion


You were on level 2 of the Dungeon.
You worshipped Trog.
Trog was pleased with you.
You were hungry.

You visited 1 branch of the dungeon, and saw 2 of its levels.

You collected 73 gold pieces.

Inventory:

Hand Weapons
 a - a +0 hand axe (weapon)
 e - a +0 hunting sling
 p - a +0 falchion
Missiles
 f - 17 arrows
 i - 15 bolts
 n - 5 boomerangs (quivered)
Armour
 b - a +0 animal skin
 d - a +0 chain mail (worn)
Scrolls
 h - 2 scrolls of remove curse {unknown}
 j - a scroll of noise {unknown}
 m - a scroll of teleportation {unknown}
Potions
 g - 4 potions of brilliance {unknown}
 k - a potion of curing {unknown}
 l - a potion of haste {unknown}
Comestibles
 c - 4 rations
 o - a chunk of flesh


   Skills:
 + Level 4.3 Fighting
 + Level 4.5 Axes
 + Level 2.8 Armour
 + Level 2.3 Dodging


You had 2 spell levels left.
You didn't know any spells.
Your spell library was empty.

Dungeon Overview and Level Annotations

Branches:
Dungeon (2/15)

Altars:

Annotations:
D:1 1 runed translucent door
D:2 Crazy Yiuf


Innate Abilities, Weirdness & Mutations

You reflexively headbutt those who attack you in melee.
You have a pair of horns on your head.


Message History

You are too injured to fight recklessly!
You feel a strong urge to attack something.
You feel sick.
You are too injured to fight recklessly!
You feel sick.
You are too injured to fight recklessly!
You feel your anger nearly subside.
You are no longer berserk.
You are exhausted.
You feel yourself slow down.
* * * LOW HITPOINT WARNING * * *
You feel sick.
You are too injured to fight recklessly!
You slash Crazy Yiuf!
Crazy Yiuf is almost dead.
* * * LOW HITPOINT WARNING * * *
You feel very sick.
Crazy Yiuf hits you with a +3 quarterstaff of chaos.
* * * LOW HITPOINT WARNING * * *
Crazy Yiuf burns you.
You die...

##### #####...##
#########........#
..........#####..##
.......#### #....#
.......# ♣..@.♣
.......# ♣♣.g.♣
.>.....# ♣♣.♣♣
###### .......###
♣♣.♣ #....#
.........# ♣.♣♣
#....#####
.......#.## ♣♣.♣
#........#
.......#..# ♣.♣♣
#....###..
###.####### #'#
###### ##. # #.#
... # ##


You could see Crazy Yiuf.

Vanquished Creatures
  2 dart slugs (D:1)
  2 leopard geckos (D:2)
  2 bats
  3 giant cockroaches
  3 goblins
  4 hobgoblins
  3 jackals (D:2)
  A quokka (D:2)
  5 frilled lizards
  4 kobolds (D:1)
  4 rats
33 creatures vanquished.

Notes
Turn   | Place    | Note
-------+----------+-------------------------------------------
     0 | D:1      | manswasretarded the Minotaur Berserker began the quest for
                  | the Orb.
     0 | D:1      | Reached XP level 1. HP: 19/19 MP: 0/0
     1 | D:1      | Found a runed translucent door.
   154 | D:1      | Reached XP level 2. HP: 27/27 MP: 1/1
   439 | D:1      | Reached ** piety under Trog
   972 | D:2      | Reached XP level 3. HP: 33/33 MP: 2/2
  1255 | D:2      | Found a runed translucent door.
  1256 | D:2      | Noticed Crazy Yiuf
  1273 | D:2      | HP: 1/33 [Crazy Yiuf/+3 quarterstaff of chaos (5)]
  1273 | D:2      | Slain by Crazy Yiuf

Levels and vault maps discovered:
D:1:      dpeg_arrival_caged_fury, layout_loops_ring
D:2:      layout_rooms, uniq_crazy_yiuf_cottage, uniq_jessica

Skill      XL: |  1  2 |
---------------+-------+-----
Axes           | 4 |  4.5
Fighting       | 4 |  4.3
Armour         | |  2.8
Dodging        | |  2.3

Action                   || total
-------------------------++-------
Melee: Hand axe          ||    82
       Headbutt          ||     7
Invok: Berserk           ||     1
  Eat: Chunk             ||     1
Armor: Chain mail        ||    42
Dodge: Dodged            ||    34

Table legend:
 A = Non-vault XP
 B = Vault XP
 C = Vault XP percentage of total XP
 D = Non-vault monster count
 E = Vault monster count
 F = Vault count percentage of total count
                 A         B        C        D         E       F
            +---------+---------+-------+---------+---------+-------
      Total |      58 |       0 |   0.0 |      33 |       0 |   0.0
            +---------+---------+-------+---------+---------+-------
        D:1 |      34 |       0 |   0.0 |      20 |       0 |   0.0
        D:2 |      24 |       0 |   0.0 |      13 |       0 |   0.0
            +---------+---------+-------+---------+---------+-------
